 Dungeon Crawl Stone Soup version 0.20.0-8-g6b59dc7 (webtiles) character file.

123 MTVSty1e the Chiller (level 5, -1/31 HPs)
             Began as a Gargoyle Ice Elementalist on June 2, 2017.
             Killed from afar by Ijyb (6 damage)
             ... with a wand of lightning (?/15)
             ... on level 3 of the Dungeon.
             The game lasted 00:08:09 (3287 turns).

MTVSty1e the Chiller (Gargoyle Ice Elementalist)    Turns: 3287, Time: 00:08:10

Health: -1/31      AC:  8    Str: 12    XL:     5   Next: 7%
Magic:  2/8        EV: 12    Int: 16    God:
Gold:   111        SH:  0    Dex: 10    Spells: 7/8 levels left

rFire    + . .     SeeInvis .   l - +1 hand axe
rCold    . . .     Gourm    .   (no shield)
rNeg     + . .     Faith    .   f - +1 robe {rF+}
rPois    ∞         Spirit   .   (no helmet)
rElec    +         Reflect  .   e - +0 cloak
rCorr    .         Harm     .   (no gloves)
MR       +....                  (no boots)
Stlth    ++........             (no amulet)
Regen    0.1/turn               (no ring)
MPRegen  0.2/turn               (no ring)

@: no status effects
A: magic resistance 1, mutation resistance 1, negative energy resistance 1,
electricity resistance, unbreathing, petrification resistance, rot immunity, AC
+4
a: no special abilities


You were on level 3 of the Dungeon.
You were not hungry.

You visited 1 branch of the dungeon, and saw 3 of its levels.

You collected 111 gold pieces.

Inventory:

Hand Weapons
 l - a +1 hand axe (weapon)
Armour
 a - a +0 robe
 e - a +0 cloak (worn)
 f - a +1 robe of fire resistance (worn)
Scrolls
 d - a scroll of identify
 i - 3 scrolls of remove curse
 k - 2 scrolls of enchant armour
Books
 b - a book of Frost

   Spells                             Type                      Level
   a - Freeze                         Ice                          1
   b - Throw Frost                    Conjuration/Ice              2
   c - Ozocubu's Armour               Charms/Ice                   3
   d - Throw Icicle                   Conjuration/Ice              4
   e - Summon Ice Beast               Ice/Summoning                4
 h - a book of Cantrips

   Spells                             Type                      Level
   a - Confusing Touch                Hexes                        1
   b - Animate Skeleton               Necromancy                   1
   c - Summon Small Mammal            Summoning                    1
   d - Apportation                    Translocation                1
Comestibles
 j - a meat ration


   Skills:
 + Level 2.5 Fighting
 * Level 2.5(2.9) Axes
   Level 2.0(2.7) Maces & Flails
 - Level 1.5 Dodging
 - Level 2.1 Stealth
 - Level 2.0 Spellcasting
   Level 1.1 Conjurations
 - Level 3.0 Ice Magic


You had 7 spell levels left.
You knew the following spells:

 Your Spells              Type           Power        Failure   Level  Hunger
a - Freeze                Ice            ##..         6%          1    #......


Dungeon Overview and Level Annotations

Branches:
Dungeon (3/15)

Altars:

Annotations:
D:3 Ijyb


Innate Abilities, Weirdness & Mutations

You are resistant to torment.
Your stone body is resilient. (AC +4)
You are immune to poison.
You resist negative energy. (rN+)
You are resistant to electric shocks. (rElec)
You can survive without breathing.
You are immune to petrification.
You are immune to rotting.
You are resistant to hostile enchantments. (MR+)
You are somewhat resistant to further mutation.


Message History

Press: ? - help, Shift-Dir - straight line, f/p - Ijyb
Aim: Ijyb, wearing a leather armour and carrying a wand of lightning (?/15) {zapped: 3} (lightly wounded)
You freeze Ijyb.
Ijyb is moderately wounded.
Ijyb hits you but does no damage.
Casting: Freeze
Confirm with . or Enter, or press ? or * to list all spells.
Aiming: Freeze
Press: ? - help, Shift-Dir - straight line, f/p - Ijyb
Aim: Ijyb, wearing a leather armour and carrying a wand of lightning (?/15) {zapped: 3} (moderately wounded)
You freeze Ijyb.
Ijyb is moderately wounded.
Ijyb zaps a wand.
The bolt of lightning hits you! You resist.
* * * LOW HITPOINT WARNING * * *
The bolt of lightning misses you.
Ijyb screams, "Get away!"
Ijyb barely misses you.
Ijyb zaps a wand.
The bolt of lightning misses you. The bolt of lightning hits you! You resist.
You die...

#.......
#.....#
####.....#
..##.....#
#.##.....#
##.##.....#
#.....†.###
#..##...###
#.@.gK#...#
#........###K.#
#.###.#...# ..#
#.#.........
........#.###
##.#.###.#.#
#.#.. ...#
#.... ###


You could see Ijyb and a kobold.

Vanquished Creatures
  2 gnolls (D:3)
  2 adders
  An ooze (D:1)
  A worm (D:3)
  5 dart slugs
  A leopard gecko (D:1)
  5 orcs (D:3)
  A ball python (D:3)
  2 giant cockroaches (D:1)
  5 goblins
  6 hobgoblins
  7 jackals
  4 kobolds
  A quokka (D:3)
  5 bats
  4 frilled lizards (D:1)
  9 rats
61 creatures vanquished.

Notes
Turn   | Place    | Note
-------+----------+-------------------------------------------
     0 | D:1      | MTVSty1e the Gargoyle Ice Elementalist began the quest for the Orb.
     0 | D:1      | Reached XP level 1. HP: 10/10 MP: 3/3
   498 | D:1      | Reached skill level 1 in Fighting
   498 | D:1      | Reached XP level 2. HP: 7/16 MP: 5/5
   617 | D:1      | Reached skill level 1 in Maces & Flails
  1025 | D:1      | Reached XP level 3. HP: 20/20 MP: 1/6
  1429 | D:1      | Reached skill level 1 in Axes
  2111 | D:2      | Reached XP level 4. HP: 26/26 MP: 4/7
  2878 | D:3      | Gained mutation: You are resistant to hostile enchantments. (MR+) [potion of mutation]
  2878 | D:3      | Gained mutation: You are somewhat resistant to further mutation. [potion of mutation]
  3243 | D:3      | Reached XP level 5. HP: 30/31 MP: 8/8
  3262 | D:3      | Noticed Ijyb
  3287 | D:3      | Killed from afar by Ijyb

Skill      XL: |  1  2  3  4 |
---------------+-------------+-----
Fighting       | 1 2 |  2.5
Maces & Flails | 1 2 |  2.0
Axes           | 1 2 |  2.5
Dodging        | |  1.5
Stealth        | |  2.1
Spellcasting   | |  2.0
Conjurations   | |  1.1
Ice Magic      | |  3.0

Action                   |  1- 3 |  4- 6 || total
-------------------------+-------+-------++-------
Melee: Club              |    84 |       ||    84
       Unarmed           |    16 |       ||    16
       Hand axe          |    49 |    83 ||   132
 Cast: Freeze            |    23 |    14 ||    37
  Use: Scroll            |       |     5 ||     5
       Potion            |       |     3 ||     3
 Stab: Sleeping          |     6 |     4 ||    10
  Eat: Chunk             |     1 |       ||     1
       Royal jelly       |     2 |       ||     2
       Bread ration      |       |     1 ||     1
Armor: Robe              |    75 |    35 ||   110
Dodge: Dodged            |   110 |    70 ||   180
